 Dungeon Crawl Stone Soup version 0.18-a0-1778-gadce9fa (webtiles) character file.

295 epen the Sneak (level 6, -4/39 HPs)
             Began as an Octopode Assassin on Apr 16, 2016.
             Slain by a gnoll
             ... wielding a +0 spear
              (8 damage)
             ... on level 3 of the Dungeon.
             The game lasted 00:06:35 (3328 turns).

epen the Sneak (Octopode Assassin)                  Turns: 3328, Time: 00:06:35

Health: -4/39      AC:  1    Str: 11    XL:     6   Next: 34%
Magic:  6/6        EV: 14    Int: 13    God:
Gold:   111        SH:  0    Dex: 15    Spells: 0 memorised, 5 levels left

rFire  . . .     SeeInvis .     a - +2 dagger
rCold  . . .     Gourm    .     (no shield)
rNeg   . . .     Faith    .     (helmet restricted)
rPois  .         Spirit   .     (no amulet)
rElec  .         Dismiss  .     h - ring of sustain attributes
rCorr  .         Reflect  .     (no ring)
SustAt +         Harm     .     (no ring)
MR     .....                    (no ring)
Stlth  +++++.....               (no ring)
                                (no ring)
                                (no ring)
                                (no ring)

@: not resistant to hostile enchantments, quite stealthy
A: almost no armour, amphibious, 8 rings, constrict 8, camouflage 1, gelatinous
body 1
a: no special abilities


You were on level 3 of the Dungeon.
You were not hungry.

You visited 1 branch of the dungeon, and saw 3 of its levels.

You collected 111 gold pieces.

Inventory:

Hand Weapons
 a - a +2 dagger (weapon)
 b - a +0 blowgun
Missiles
 c - 8 poisoned needles
 d - 2 curare-tipped needles
Jewellery
 h - a ring of sustain attributes (left tentacle)
 k - an uncursed ring of ice
Scrolls
 p - a scroll of teleportation
Potions
 e - 2 potions of ambrosia
 g - a potion of flight
 j - 2 potions of lignification {unknown}
 m - a potion of berserk rage {unknown}
 q - a potion of heal wounds
 r - a potion of cure mutation {unknown}
Comestibles
 f - 4 bread rations
 i - a chunk of flesh
 l - 2 meat rations
 o - a slice of pizza


   Skills:
 + Level 2.0 Fighting
 * Level 4.4 Short Blades
 - Level 2.0 Throwing
 * Level 3.7 Dodging
 + Level 6.5 Stealth


You had 5 spell levels left.
You didn't know any spells.

Dungeon Overview and Level Annotations

Branches:
Dungeon (3/15)

Altars:
Qazlal


Innate Abilities, Weirdness & Mutations

You cannot wear most types of armour.
You are amphibious.
You can wear up to eight rings at the same time.
You can use your tentacles to constrict eight enemies at once.
Your skin changes colour to match your surroundings (Stealth).
Your rubbery body absorbs attacks (AC +1).


Message History

The gnoll completely misses you.
You barely miss the gnoll. Your grab misses the gnoll.
The gnoll is severely wounded.
You closely miss the gnoll. You grab the gnoll. You constrict the gnoll.
You hit the gnoll. You squeeze the gnoll!
The gnoll is almost dead.
You constrict the gnoll.
The gnoll hits you from afar with a spear.
* * * LOW HITPOINT WARNING * * *
You hit the gnoll.
You kill the gnoll!
The gnoll hits you from afar with a spear.
* * * LOW HITPOINT WARNING * * *
The gnoll barely misses you.
There is a stone staircase leading down here.
You see here a gnoll corpse.
You hit the gnoll. You grab the gnoll.
The gnoll is almost dead.
You constrict the gnoll. The gnoll hits you with a spear!
You die...

#.........†.# #..#
#####..†.#### #..#
####.# #?.# #.#
#..# #.# #..# #.#
#..# .. ##.#
##..#....
##...####.........
#.....g@)...#.....
#....####.#.......
#.# #.####...# #.#
#.## #.. .. #..
#..# ..#


You could see a gnoll.

Vanquished Creatures
  Sigmund (D:2)
  5 adders
  2 gnolls (D:3)
  An ooze (D:3)
  3 worms (D:2)
  5 dart slugs
  An orc (D:2)
  4 bats
  3 giant cockroaches
  2 goblins (D:2)
  6 hobgoblins
  4 jackals (D:1)
  3 quokkas
  A ball python (D:1)
  A giant newt (D:3)
  6 kobolds
  3 rats
51 creatures vanquished.

Notes
Turn   | Place    | Note
--------------------------------------------------------------
     0 | D:1      | epen the Octopode Assassin began the quest for the Orb.
     0 | D:1      | Reached XP level 1. HP: 14/14 MP: 1/1
   137 | D:1      | Reached XP level 2. HP: 19/19 MP: 2/2
   889 | D:2      | Reached XP level 3. HP: 24/24 MP: 3/3
  1054 | D:2      | Noticed Sigmund
  1455 | D:2      | Reached XP level 4. HP: 29/29 MP: 4/4
  1728 | D:2      | Found a stormy altar of Qazlal.
  3016 | D:2      | Killed Sigmund
  3016 | D:2      | Reached skill level 6 in Stealth
  3016 | D:2      | Reached XP level 5. HP: 27/34 MP: 5/5
  3016 | D:2      | Reached XP level 6. HP: 31/39 MP: 6/6
  3328 | D:3      | Slain by a gnoll

Vault maps used:
D:1:      dpeg_arrival_connections
D:2:      old_standard_altar, first_bread, uniq_sigmund
D:3:      grunt_temple_overflow_open

Skill      XL: |  1  2  3  4 |
---------------+-------------+-----
Dodging        | 2 3 |  3.7
Short Blades   | 3 4 |  4.4
Stealth        | 6 |  6.5
Fighting       | |  2.0
Throwing       | |  2.0

Action                   |  1- 3 |  4- 6 || total
-------------------------+-------+-------++-------
Melee: Dagger            |    40 |    78 ||   118
       Constrict         |     8 |    17 ||    25
       Tentacles         |     6 |    15 ||    21
  Use: Scroll            |       |     7 ||     7
 Stab: Sleeping          |     9 |     6 ||    15
       Distracted        |       |     1 ||     1
  Eat: Chunk             |       |     7 ||     7
Armor: Skin              |     2 |     3 ||     5
Dodge: Dodged            |    14 |    35 ||    49
